 Dungeon Crawl Stone Soup version 0.28.0-47-ge53b351184 (webtiles) character file.

Game seed: 15919719278890115911

11 hawla the Scratcher (level 2, 0/12 HPs)
             Began as a Felid Transmuter on May 3, 2022.
             Succumbed to an adder's poison
             ... on level 2 of the Dungeon.
             The game lasted 00:01:12 (1116 turns).

hawla the Scratcher (Felid Transmuter)              Turns: 1116, Time: 00:01:13

Health: 0/12       AC:  1    Str:  6    XL:     2   Next: 13%
Magic:  5/6        EV: 17    Int: 14    God:
Gold:   26         SH:  0    Dex: 16    Spells: 4/5 levels left
                                        Lives:  0   Deaths: 0

rFire   . . .      SeeInvis +     - Unarmed
rCold   . . .      Faith    .   (shield unavailable)
rNeg    . . .      Spirit   .   (armour unavailable)
rPois   .          Reflect  .   (helmet unavailable)
rElec   .          Harm     .   (cloak unavailable)
rCorr   .          Rampage  .   (gloves unavailable)
Will    .....                   (boots unavailable)
Stlth   +.........              (no amulet)
HPRegen 0.04/turn               (no ring)
MPRegen 0.10/turn               (no ring)

@: lethally poisoned (0 -> -6), hasted, very quick
A: very small, claws 1, fangs 3, see invisible, speed 1, shaggy fur 1, stealthy
paws, no weapons or thrown items, no armour, multi-lived
a: no special abilities


You were on level 2 of the Dungeon.
You visited 1 branch of the dungeon, and saw 2 of its levels.

You collected 26 gold pieces.

Inventory:

Potions
 a - a potion of haste


   Skills:
 + Level 1.0 Fighting
 + Level 3.0 Dodging
 + Level 3.3 Unarmed Combat
 + Level 2.1 Spellcasting
 + Level 2.3 Transmutations


You had 4 spell levels left.
You knew the following spells:

 Your Spells              Type           Power      Damage    Failure   Level
a - Beastly Appendage     Tmut           16%        N/A       9%          1

Your spell library contained the following spells:

 Spells                   Type           Power      Damage    Failure   Level
 Wereblood                Tmut           8%         N/A       14%         2
 Spider Form              Tmut/Pois      4%         N/A       41%         3
 Ice Form                 Ice/Tmut       4%         N/A       82%         4


Dungeon Overview and Level Annotations

Branches:
Dungeon (2/15)

Altars:


Innate Abilities, Weirdness & Mutations

You have sharp claws.
You have razor-sharp teeth.
You have supernaturally acute eyesight. (SInv)
You cover ground quickly. (Speed+)
You are covered in fur. (AC +1)
Your paws help you pounce on unaware monsters.
You are incapable of wielding weapons or throwing items.
You cannot wear armour.
You gain extra lives every three experience levels.


Message History

The endoplasm misses you.
You scratch the endoplasm but do no damage.
Your bite misses the endoplasm.
The endoplasm is heavily wounded.
Your transformation is almost over.
The endoplasm jiggles.
The endoplasm misses you.
You scratch the endoplasm.
You kill the endoplasm!
The bat hits you but does no damage.
You see here 10 gold pieces.
The bat closely misses you.
Found an escape hatch in the floor.
You scratch the bat.
You kill the bat!
You scratch the adder but do no damage. Your headbutt misses the adder.
Your bite misses the adder. The adder bites you.
You barely miss the adder. The adder bites you.
Casting: Beastly Appendage (safe; 9% risk of failure)
Confirm with . or Enter, or press ? or * to list all spells.
Okay, then.
You closely miss the adder. The adder completely misses you.
You scratch the adder.
The adder is heavily wounded.
The adder bites you. The adder barely misses you.
You barely miss the adder. Your headbutt misses the adder.
The adder is heavily wounded.
Your horns disappear.
The adder barely misses you.
You scratch the adder.
The adder is severely wounded.
The adder bites you.
* * * LOW HITPOINT WARNING * * *
You are lethally poisoned!
The adder poisons you!
Unknown command.
It was a potion of haste.
You feel yourself speed up.
* * * LOW HITPOINT WARNING * * *
You feel sick. The adder barely misses you.
You die...

#. .. .# ..#
####..>#
#.@....#
#.###+##
#S#<#
#######$#.#.#
...........>#
.......)#+###
######...
#.....
#$.....


You could see an adder.

Vanquished Creatures
  A ball python (D:1)
  3 bats
  2 endoplasms
  A kobold (D:2)
  A frilled lizard (D:1)
  2 rats (D:1)
10 creatures vanquished.

Notes
Turn   | Place    | Note
-------+----------+-------------------------------------------
     0 | D:1      | hawla the Felid Transmuter began the quest for the Orb.
     0 | D:1      | Reached XP level 1. HP: 9/9 MP: 4/4
  1100 | D:2      | Reached XP level 2. HP: 12/12 MP: 4/6
  1116 | D:2      | Succumbed to an adder's poison

Illustrated notes

Levels and vault maps discovered:
D:1:      minmay_arrival_four_circles, layout_basic, serial_co_window_serial,
          co_window_of_opportunity_a, co_window_corner_a, co_window_paths_b,
          co_window_paths_b, co_window_corner_a, co_window_corner_ca,
          co_window_broadway_a, co_window_of_opportunity_b, co_window_paths_c,
          co_window_2corner, co_window_of_opportunity_b, glass_columns_b,
          glass_columns_a, glass_columns_b, glass_columns_c, glass_columns_a
D:2:      layout_basic, grunt_ministairs_14, uniq_crazy_yiuf_cottage

Skill      XL: |  1 |
---------------+----+-----
Dodging        | 3 |  3.0
Fighting       | |  1.0
Unarmed Combat | |  3.3
Spellcasting   | |  2.1
Transmutations | |  2.3

Action                   || total
-------------------------++-------
Melee: Unarmed           ||    30
       Headbutt          ||     4
       Bite              ||     1
 Cast: Beastly Appendage ||     7
  Use: Potion            ||     1
Armor: Skin              ||     3
Dodge: Dodged            ||    22
